 Dungeon Crawl Stone Soup version 0.25-a0-356-g7c9d860b3b (webtiles) character file.

Game seed: 2809717244016822111, levelgen mode: classic

1344 Borgoz the Cudgeler (level 8, -3/51 HPs)
             Began as a Gargoyle Gladiator on Jan 3, 2020.
             Was an Initiate of the Shining One.
             Killed from afar by a gargoyle (23 damage)
             ... with a stone arrow
             ... on level 6 of the Dungeon.
             The game lasted 00:06:42 (5685 turns).

Borgoz the Cudgeler (Gargoyle Gladiator)            Turns: 5685, Time: 00:06:43

Health: -3/51      AC: 14    Str: 20    XL:     8   Next: 62%
Magic:  8/8        EV: 17    Int:  9    God:    the Shining One [......]
Gold:   259        SH:  0    Dex: 16    Spells: 7/7 levels left

rFire    . . .     SeeInvis .   b - +1 whip (venom)
rCold    . . .     Gourm    .   (no shield)
rNeg     + . .     Faith    .   i - +0 ring mail
rPois    ∞         Spirit   .   c - +0 helmet
rElec    +         Reflect  .   (no cloak)
rCorr    .         Harm     .   x - +0 pair of gloves
MR       .....                  (no boots)
Stlth    +.........             (no amulet)
HPRegen  0.17/turn              (no ring)
MPRegen  0.11/turn              (no ring)

@: agile, glowing
A: negative energy resistance 1, electricity resistance, unbreathing,
petrification resistance, rot immunity, AC +5
a: Renounce Religion


You were on level 6 of the Dungeon.
You worshipped the Shining One.
The Shining One was noncommittal.
You were not hungry.

You visited 2 branches of the dungeon, and saw 7 of its levels.

You collected 303 gold pieces.
You spent 44 gold pieces at shops.

Inventory:

Hand Weapons
 a - a +1 flail of protection
 b - a +1 whip of venom (weapon)
Missiles
 d - 2 throwing nets (quivered)
Armour
 c - a +0 helmet (worn)
 i - a +0 ring mail (worn)
 x - a +0 pair of gloves (worn)
Jewellery
 g - a +4 ring of slaying {unknown}
Wands
 y - a wand of flame (29)
Scrolls
 h - 2 scrolls of teleportation {unknown}
 j - 2 scrolls of remove curse
 l - 2 scrolls of fear {unknown}
 m - a scroll of immolation {unknown}
 n - a scroll of amnesia {unknown}
 o - a scroll of enchant armour {unknown}
 r - 2 scrolls of blinking
 s - a scroll of fog {unknown}
 v - 2 scrolls of identify
Potions
 e - 2 potions of ambrosia
 k - a potion of flight
 p - a potion of cancellation
 q - a potion of brilliance
 t - a potion of mutation
 u - a potion of agility
 w - a potion of haste {unknown}
Comestibles
 f - 15 rations


   Skills:
 + Level 5.9 Fighting
 * Level 7.9 Maces & Flails
 - Level 1.7 Throwing
 + Level 5.3 Armour
 - Level 2.4 Dodging


You had 7 spell levels left.
You didn't know any spells.
Your spell library was empty.

Dungeon Overview and Level Annotations

Branches:
Dungeon (6/15)             Temple (1/1) D:6

Altars:
Ashenzari
Cheibriados
Dithmenos
Elyvilon
Fedhas
Gozag
Hepliaklqana
Makhleb
Nemelex Xobeh
Okawaru
Qazlal
Ru
Sif Muna
Trog
Uskayaw
Wu Jian
Yredelemnul
Zin
The Shining One

Shops:
D:4 ?


Innate Abilities, Weirdness & Mutations

You are resistant to torment.
Your stone body is resilient. (AC +5)
You are immune to poison.
You resist negative energy. (rN+)
You are resistant to electric shocks. (rElec)
You can survive without breathing.
You are immune to petrification.
You are immune to rotting.


Message History

Aim: a gargoyle, wielding a +0 flail (lightly damaged)
You throw a throwing net. The throwing net hits the gargoyle.
The gargoyle is caught in the net!
The gargoyle is lightly damaged.
The gargoyle struggles against the net.
You hit the gargoyle but do no damage.
The gargoyle is lightly damaged.
You hit the gargoyle but do no damage.
The gargoyle is lightly damaged.
The gargoyle struggles against the net.
You hit the gargoyle but do no damage.
The gargoyle is lightly damaged.
The gargoyle struggles against the net.
You hit the gargoyle but do no damage.
The gargoyle is lightly damaged.
You hit the gargoyle but do no damage.
The gargoyle is lightly damaged.
The gargoyle hurls a stone arrow at you.
The stone arrow hits you!!
You die...

........#......'.......#
...######......#######.##
...# ######## #..# ...##
..## ##.## ....# ##
...### #..# ..###
#..###...#####.# .##
....##....###.# ##
#.^#.....##.# #
#9@##..÷.#.# #
##..#......# #
#.8#....### # #..#....# #
#$.#...(# # #.8#....# #
#..#....# # ..##....# #
....##


You could see a gargoyle (caught).

Vanquished Creatures
  A wyvern (D:6)
  2 centaurs
  An ogre (D:5)
  A bullfrog (D:4)
  A scorpion (D:5)
  A howler monkey (D:6)
  A crimson imp (D:6)
  A jelly (D:6)
  2 centaur skeletons
  2 orc priests (D:6)
  A hound (D:6)
  5 orc wizards
  2 iguanas (D:6)
  8 worker ants
  10 adders
  A shadow imp (D:5)
  2 oozes
  An adder skeleton (D:4)
  An adder zombie (D:3)
  2 worms
  2 dart slugs
  2 leopard geckos
  19 orcs
  6 giant cockroaches
  4 goblins
  5 hobgoblins
  5 jackals (D:3)
  5 quokkas
  5 bats
  3 frilled lizards
  A jackal skeleton (D:4)
  2 kobolds (D:2)
  A leopard gecko zombie (D:5)
  6 rats
112 creatures vanquished.

Notes
Turn   | Place    | Note
-------+----------+-------------------------------------------
     0 | D:1      | Borgoz the Gargoyle Gladiator began the quest for the Orb.
     0 | D:1      | Reached XP level 1. HP: 12/12 MP: 1/1
   383 | D:1      | Found a glowing golden altar of the Shining One.
   834 | D:2      | Reached XP level 2. HP: 18/18 MP: 2/2
   882 | D:2      | Reached skill level 1 in Armour
   893 | D:2      | Reached XP level 3. HP: 21/22 MP: 3/3
  1553 | D:3      | HP: 1/22 [adder (2)]
  1562 | D:3      | Reached skill level 4 in Maces & Flails
  1565 | D:3      | Reached XP level 4. HP: 19/27 MP: 4/4
  2265 | D:4      | Noticed a bullfrog
  2272 | D:4      | Killed a bullfrog
  2272 | D:4      | Reached XP level 5. HP: 19/32 MP: 5/5
  2826 | D:4      | Reached skill level 5 in Maces & Flails
  2999 | D:4      | Found a shattered altar of Ashenzari.
  3007 | D:4      | Found a hazy altar of Hepliaklqana.
  3014 | D:4      | Reached XP level 6. HP: 30/38 MP: 6/6
  3191 | D:4      | Found Elixiuzu's Magic Scroll Boutique.
  3203 | D:4      | Bought a scroll of identify for 22 gold pieces
  3203 | D:4      | Bought a scroll of identify for 22 gold pieces
  3715 | D:5      | Entered Level 5 of the Dungeon
  3755 | D:5      | Reached XP level 7. HP: 43/44 MP: 7/7
  3866 | D:5      | Reached skill level 6 in Maces & Flails
  4927 | D:6      | Reached skill level 5 in Fighting
  4943 | D:6      | Reached XP level 8. HP: 37/49 MP: 8/8
  4966 | D:6      | Reached skill level 7 in Maces & Flails
  5068 | D:6      | Found a staircase to the Ecumenical Temple.
  5145 | D:6      | Reached skill level 5 in Armour
  5190 | D:6      | Noticed a wyvern
  5209 | D:6      | Killed a wyvern
  5328 | Temple   | Entered the Ecumenical Temple
  5508 | Temple   | Became a worshipper of the Shining One
  5575 | D:6      | Found a blossoming altar of Fedhas.
  5675 | D:6      | Noticed a gargoyle
  5685 | D:6      | Killed from afar by a gargoyle

Levels and vault maps discovered:
D:1:      minmay_arrival_pointy, layout_basic, tso_metal_star
D:2:      layout_basic
D:3:      layout_loops_ring, first_ration, corexii_item_surrounded_by_moat
D:4:      layout_basic, nicolae_overflow_hidden_temple, serial_shops,
          shop_fountains
D:5:      layout_basic
D:6:      layout_basic, lemuel_round_altar, temple_pool_b, nzn_random_ring
Temple:   eino_temple_scatter_basement

Skill      XL: |  1  2  3  4  5  6  7  8 |
---------------+-------------------------+-----
Armour         | 1 2 3 4 5 |  5.3
Maces & Flails | 4 5 6 7 |  7.9
Fighting       | 3 4 5 |  5.9
Throwing       | |  1.7
Dodging        | |  2.4

Action                   |  1- 3 |  4- 6 |  7- 9 || total
-------------------------+-------+-------+-------++-------
Melee: Flail             |    12 |     4 |       ||    16
       Whip              |    72 |   164 |   192 ||   428
       Lajatang          |    19 |       |       ||    19
Throw: Throwing net      |       |       |     1 ||     1
  Use: Potion            |     1 |     1 |     2 ||     4
       Scroll            |       |     8 |     1 ||     9
  Eat: Chunk             |     2 |     7 |     6 ||    15
Armor: Ring mail         |    57 |    70 |    67 ||   194
       Leather armour    |     1 |       |       ||     1
Dodge: Dodged            |    62 |    85 |    84 ||   231

Table legend:
 A = Non-vault XP
 B = Vault XP
 C = Vault XP percentage of total XP
 D = Non-vault monster count
 E = Vault monster count
 F = Vault count percentage of total count
                 A         B        C        D         E       F
            +---------+---------+-------+---------+---------+-------
      Total |    1826 |      94 |   4.9 |     109 |       3 |   2.7
            +---------+---------+-------+---------+---------+-------
        D:1 |       9 |       0 |   0.0 |       6 |       0 |   0.0
        D:2 |      54 |       0 |   0.0 |      20 |       0 |   0.0
        D:3 |      69 |       0 |   0.0 |      18 |       0 |   0.0
        D:4 |     381 |       0 |   0.0 |      24 |       0 |   0.0
        D:5 |     498 |       0 |   0.0 |      21 |       0 |   0.0
        D:6 |     815 |      94 |  10.3 |      20 |       3 |  13.0
            +---------+---------+-------+---------+---------+-------
